 Dungeon Crawl Stone Soup version 0.21-a0-47-g7c8f537 (webtiles) character file.

613 MovingMist the Covered (level 7, -7/44 HPs)
             Began as a Gargoyle Fighter on June 8, 2017.
             Killed by divine providence
             ... invoked by an orc priest
              (13 damage)
             ... on level 4 of the Dungeon.
             The game lasted 00:10:26 (3285 turns).

MovingMist the Covered (Gargoyle Fighter)           Turns: 3285, Time: 00:10:26

Health: -7/44      AC: 17    Str: 20    XL:     7   Next: 44%
Magic:  7/7        EV:  4    Int:  8    God:
Gold:   200        SH:  9    Dex: 11    Spells: 6/6 levels left

rFire    + . .     SeeInvis .   a - +0 flail
rCold    x . .     Gourm    .   c - +0 shield
rNeg     + . .     Faith    .   g - +0 plate armour
rPois    ∞         Spirit   .   (no helmet)
rElec    +         Reflect  .   (no cloak)
rCorr    .         Harm     .   (no gloves)
MR       .....                  (no boots)
Stlth    ..........             (no amulet)
Regen    0.2/turn               e - ring of fire
MPRegen  0.1/turn               t - ring of wizardry

@: no status effects
A: negative energy resistance 1, electricity resistance, unbreathing,
petrification resistance, rot immunity, AC +4
a: no special abilities


You were on level 4 of the Dungeon.
You were hungry.

You visited 1 branch of the dungeon, and saw 4 of its levels.
You also visited: Sewer.

You collected 200 gold pieces.

Inventory:

Hand Weapons
 a - a +0 flail (weapon)
Armour
 c - a +0 shield (worn)
 g - a +0 plate armour (worn)
Jewellery
 e - a ring of fire (left hand)
 n - an uncursed ring of poison resistance {unknown}
 t - a ring of wizardry (right hand)
Wands
 s - a wand of flame (17/48)
Scrolls
 b - 2 scrolls of remove curse
 h - 5 scrolls of teleportation {unknown}
 i - 2 scrolls of random uselessness {unknown}
 j - a scroll of immolation {unknown}
 k - 3 scrolls of identify {unknown}
 w - a scroll of enchant weapon {unknown}
Potions
 d - 3 potions of might
 l - 3 potions of curing {unknown}
 m - 4 potions of flight {unknown}
 p - a potion of invisibility {unknown}
 q - a potion of agility {unknown}
 u - a potion of heal wounds
Comestibles
 f - 2 bread rations
 o - a meat ration
 r - 4 fruits
 v - a royal jelly


   Skills:
 + Level 4.8 Fighting
 * Level 5.0 Maces & Flails
 + Level 5.3 Armour
 + Level 2.7 Dodging
 - Level 3.2 Shields


You had 6 spell levels left.
You didn't know any spells.

Dungeon Overview and Level Annotations

Branches:
Dungeon (4/15)
 Temple: D:4-7

Altars:
Dithmenos
Xom


Innate Abilities, Weirdness & Mutations

You are resistant to torment.
Your stone body is resilient. (AC +4)
You are immune to poison.
You resist negative energy. (rN+)
You are resistant to electric shocks. (rElec)
You can survive without breathing.
You are immune to petrification.
You are immune to rotting.


Message History

2 orcs come into view.
The orc shouts! x3
The orc moves out of view.
The orc moves out of view.
The orc priest mumbles some strange prayers to Beogh against you.
Beogh smites you!
An orc priest comes into view.
The orc priest shouts!
The orc priest invokes the aid of Beogh against you.
Beogh smites you!
* * * LOW HITPOINT WARNING * * *
The orc priest calls down the wrath of Beogh upon you.
Pain shoots through your body!
* * * LOW HITPOINT WARNING * * *
The orc priest miscasts a cantrip.
Found a glowing rapier.
Found a scroll labeled YTELAO VOZEZOE.
The orc priest mumbles some strange prayers to Beogh against you.
Beogh smites you!
You die...

#..#####.......#
#.(...
#<.......#.#.###
#.....#########.#...#
#..........####.#####
........).+......>#
#........##.######
#........##.#
#........##.#
#....@.?.##.#
####..#####.# ##.#
#.# #o# #.# #o## #.#
#..# #.# ##.# #.# #o#
#.# #.## #.#


You could see an orc priest and 2 orcs.

Vanquished Creatures
  The ghost of Duffy the Magician, an amateur DEFE (D:4)
  The ghost of KristoblXynda the Conjurer, an amateur DrCj (D:3)
  A big kobold (Sewer)
  A howler monkey (D:4)
  A hound (D:4)
  Crazy Yiuf (D:2)
  Jessica (D:2)
  4 gnolls (D:3)
  3 adders (D:2)
  4 river rats
  2 oozes (D:1)
  2 worms
  3 dart slugs
  2 leopard geckos (D:3)
  An orc (D:4)
  11 bats
  3 giant cockroaches
  2 hobgoblins (D:2)
  6 jackals
  12 kobolds
  2 frilled lizards
  5 goblins
  18 rats
87 creatures vanquished.

Notes
Turn   | Place    | Note
-------+----------+-------------------------------------------
     0 | D:1      | MovingMist the Gargoyle Fighter began the quest for the Orb.
     0 | D:1      | Reached XP level 1. HP: 14/14 MP: 1/1
    83 | D:1      | Reached XP level 2. HP: 14/19 MP: 2/2
   217 | D:1      | Reached XP level 3. HP: 23/23 MP: 3/3
   688 | D:2      | Found a runed door.
   692 | D:2      | Noticed Crazy Yiuf
   701 | D:2      | Paralysed by Crazy Yiuf for 5 turns
   706 | D:2      | Killed Crazy Yiuf
   706 | D:2      | Reached skill level 1 in Dodging
   706 | D:2      | Reached XP level 4. HP: 6/29 MP: 0/4
  1120 | D:2      | Found a shimmering altar of Xom.
  1239 | D:2      | Noticed Jessica
  1248 | D:2      | Killed Jessica
  1325 | D:2      | Reached XP level 5. HP: 33/33 MP: 5/5
  1594 | D:3      | Found a glowing drain.
  1598 | Sewer    | Entered a sewer
  1825 | Sewer    | Noticed a big kobold
  1863 | Sewer    | Killed a big kobold
  1863 | Sewer    | Reached XP level 6. HP: 33/38 MP: 6/6
  1918 | Sewer    | Found a glowing silver altar of Zin.
  2101 | D:3      | Found a shadowy altar of Dithmenos.
  2101 | D:3      | Noticed KristoblXynda's ghost (amateur DrCj)
  2126 | D:3      | Killed KristoblXynda's ghost
  2146 | D:3      | Reached skill level 5 in Armour
  2954 | D:4      | Reached XP level 7. HP: 41/44 MP: 7/7
  2964 | D:4      | Noticed Duffy's ghost (amateur DEFE)
  3002 | D:4      | Killed Duffy's ghost
  3002 | D:4      | Reached skill level 5 in Maces & Flails
  3285 | D:4      | Killed from afar by an orc priest

Vault maps used:
D:1:      arrival_zaba_pyramid, supply_closet_lemuel
D:2:      minmay_diamond_boxcup, first_bread, xom_teletrap_fun, uniq_jessica,
          uniq_crazy_yiuf_cottage
D:3:      nicolae_dithmenos_shadow_blocks, gup_sewer_entry_bowl
D:4:      grunt_temple_overflow_forces_of_nature, uniq_natasha, uniq_ijyb
Sewer:    sewer_kobolds

Skill      XL: |  1  2  3  4  5  6  7 |
---------------+----------------------+-----
Dodging        | 1 2 |  2.7
Maces & Flails | 3 4 5 |  5.0
Armour         | 4 5 |  5.3
Fighting       | 4 |  4.8
Shields        | |  3.2

Action                   |  1- 3 |  4- 6 |  7- 9 || total
-------------------------+-------+-------+-------++-------
Melee: Flail             |    78 |   279 |    38 ||   395
  Use: Scroll            |       |     1 |       ||     1
  Eat: Chunk             |       |     7 |     1 ||     8
Armor: Scale mail        |    23 |       |       ||    23
       Plate armour      |    17 |   161 |    24 ||   202
Dodge: Dodged            |    17 |    41 |     4 ||    62
Block: Shield            |    47 |   135 |    11 ||   193
